 Dungeon Crawl Stone Soup version 0.19-a0-994-g3c636f0 (webtiles) character file.

188542 Leszczynek the Bludgeoner (level 18, -5/178 HPs)
             Began as an Ogre Conjurer on July 17, 2016.
             Was the Champion of Makhleb.
             Shot with a bolt by a naga sharpshooter (17 damage)
             ... on level 4 of the Snake Pit.
             The game lasted 03:32:22 (30153 turns).

Leszczynek the Bludgeoner (Ogre Conjurer)          Turns: 30153, Time: 03:32:23

Health: -5/178     AC: 17    Str: 22    XL:     18   Next: 10%
Magic:  29/29      EV: 14    Int: 15    God:    Makhleb [******]
Gold:   111        SH:  0    Dex: 11    Spells: 4 memorised, 14 levels left

rFire  + + +     SeeInvis .     a - +4 giant spiked club (venom)
rCold  x x .     Gourm    .     f - +2 fire dragon armour
rNeg   . . .     Faith    .     (shield currently unavailable)
rPois  +         Spirit   .     (helmet restricted)
rElec  +         Dismiss  .     r - +2 cloak
rCorr  .         Reflect  .     (gloves unavailable)
SustAt .         Harm     .     (boots unavailable)
MR     +....                    v - amulet of regeneration
Stlth  ..........               I - ring "Awyq" {Fire *Drain +Blink rElec rPois}
                                n - +5 ring of evasion

@: constricted, somewhat resistant to hostile enchantments, extremely unstealthy
A: unfitting armour, claws 1, frail 1, high mp 1, tough skin 1, wild magic 1
a: Minor Destruction, Lesser Servant of Makhleb, Major Destruction, Greater
Servant of Makhleb, Renounce Religion, Evoke Blink
}: 1/15 runes: decaying


You were on level 4 of the Snake Pit.
You worshipped Makhleb.
Makhleb was exalted by your worship.
You were not hungry.

You visited 6 branches of the dungeon, and saw 32 of its levels.
You also visited: Labyrinth.

You collected 3110 gold pieces.
You spent 2999 gold pieces at shops.

Inventory:

Hand Weapons
 a - a +4 giant spiked club of venom (weapon)
Missiles
 u - a throwing net
 w - 5 large rocks
 A - 16 javelins
 F - 27 tomahawks (quivered)
Armour
 f - a +2 fire dragon armour (worn)
 r - a +2 cloak (worn)
Jewellery
 d - the ring "Micvemex" {rN+ Str+7}
   (You bought it in a shop on level 2 of the Orcish Mines)

   [ring of positive energy]

   It affects your strength (+7).
   It protects you from negative energy.
 m - an uncursed ring of protection from magic
 n - a +5 ring of evasion (left claw)
 v - an amulet of regeneration (around neck)
 H - an uncursed ring of resist corrosion
 I - the ring "Awyq" (right claw) {Fire *Drain +Blink rElec rPois}
   (You took it off a deep elf mage on level 14 of the Dungeon)

   [ring of fire]

   It enhances your fire magic, and weakens your ice magic.
   It protects you from fire.
   It makes you vulnerable to cold.
   It insulates you from electricity.
   It protects you from poison.
   It lets you blink.
   It causes draining when unequipped.
 Q - an uncursed ring of poison resistance
 V - an uncursed ring of see invisible
Wands
 g - a wand of paralysis (8/24)
 i - a wand of paralysis (12/24)
 j - a wand of heal wounds (1/9)
 k - a wand of disintegration (8/24)
 l - a wand of iceblast (10/15)
 q - a wand of hasting (5/9)
 t - a wand of digging (8/24)
 y - a wand of acid (5/15)
 z - a wand of confusion (18/48)
 B - a wand of teleportation (2/9)
 C - a wand of acid (4/15)
 K - a wand of disintegration (9/24)
 L - a wand of teleportation (6/9)
 S - a wand of iceblast (9/15)
 U - a wand of heal wounds (5/9)
Scrolls
 e - 2 scrolls of teleportation
 o - 5 scrolls of remove curse
 E - 2 scrolls of fog
 P - 2 scrolls of blinking
 T - 2 scrolls of recharging
 W - 2 scrolls of fear
 Z - a scroll of summoning
Potions
 h - 12 potions of curing
 s - 2 potions of invisibility
 D - 2 potions of might
 G - a potion of cure mutation
 M - 5 potions of flight
 N - a potion of haste
 R - a potion of resistance
 X - 2 potions of agility
 Y - a potion of cancellation
Miscellaneous
 b - a phantom mirror
 p - a fan of gales
 J - a box of beasts
Comestibles
 c - 20 bread rations
 x - 10 meat rations
 O - 6 fruits


   Skills:
 - Level 16.5 Fighting
 - Level 20.0 Maces & Flails
 - Level 12.7 Throwing
 + Level 9.4 Armour
 + Level 9.9 Dodging
 - Level 1.5 Stealth
 - Level 2.4 Spellcasting
   Level 2.9 Conjurations
 - Level 12.0 Invocations
 * Level 8.1 Evocations


You had 14 spell levels left.
You knew the following spells:

 Your Spells              Type           Power        Failure   Level  Hunger
a - Animate Skeleton      Necr           N/A          71%         1    #......
b - Song of Slaying       Chrm           #.......     89%         2    ###....
c - Summon Butterflies    Summ           #.......     71%         1    #......
q - Regeneration          Chrm/Necr      #.........   99%         3    ###....


Dungeon Overview and Level Annotations

Branches:
Dungeon (15/15)            Temple (1/1) D:4            Lair (6/6) D:10
  Swamp (4/4) Lair:3        Snake (4/4) Lair:4        Slime (0/5) Lair:6
    Orc (2/2) D:12            Elf (0/3) Orc:2        Vaults (0/5) D:14
 Depths (0/5) D:15

Altars:
Ashenzari
Cheibriados
Dithmenos
Elyvilon
Fedhas
Gozag
Hepliaklqana
Kikubaaqudgha
Makhleb
Nemelex Xobeh
Okawaru
Pakellas
Qazlal
Ru
Sif Muna
Trog
Vehumet
Xom
Zin
The Shining One
Beogh

Shops:
D:13 (   Orc:2 ==%=*   Snake:4 }=}

Annotations:
D:2 1 runed door (yiuf)
D:3 GSC ogre
D:7 Charly's ghost, novice DEFE
D:10 Erolcha
D:11 some vault with wizards in NW corner, tele wand, 5 exclusions
D:13 2 manuals of fire magic
D:14 exclusion: Roxanne, Roxanne
Lair:4 4-headed hydra roaming


Innate Abilities, Weirdness & Mutations

You are too large for most types of armour.
You have tough skin. (AC +1)
You have sharp fingernails.
You are frail. (-10% HP)
You have an increased reservoir of magic. (+10% MP)
Your spells are a little harder to cast, but a little more powerful.


Message History

The naga warrior spits poison at you. The splash of poison misses you.
* * * LOW HITPOINT WARNING * * *
The naga warrior constricts you.
The naga sharpshooter mumbles some strange words.
The naga sharpshooter magically shoots a bolt.
The bolt hits you!!
* * * LOW HITPOINT WARNING * * *
Unknown command.
Evoke which item? (* to show all) (? for menu, Esc to quit)
Zapping:
U - a wand of heal wounds (6/9)
Press: ? - help, Shift-Dir - straight line, f - you You feel much better.
This wand has 5 charges left.
The naga warrior hits you with a hand axe!
* * * LOW HITPOINT WARNING * * *
x2 The naga warrior constricts you.
The naga sharpshooter casts a spell.
The naga sharpshooter magically shoots a bolt.
The bolt hits you!
You die...

♣.∩...∩.♣
**,,,,,,,
♣.=.⌠...♣
**,,,,,,
♣.......♣
*,,,,,,
♣♣♣♣∩♣♣♣♣
*,,,,,,
##.#####
**,,,,,,
#......#
*,,,,,,,
##....##
*,,,,,**
#....#
*,,,,,**
##@####
******* #N##
##N# ###..#
##....##
##......#
##..##...##
###..####...#
##...## #(..#


You could see a naga warrior and a naga sharpshooter.

Vanquished Creatures
  A thorn hunter (Swamp:3)
  Kirke (D:14)
  4 greater nagas
  Nessos (D:14)
  A dire elephant (D:15)
  A fire dragon (D:13)
  Josephine (D:10)
  A minotaur (Lab)
  19 hydras
  8 naga warriors
  8 anacondas
  2 death knights
  3 centaur warriors
  3 alligators
  A tengu warrior (D:13)
  A deep troll earth mage (D:14)
  8 naga sharpshooters
  4 orc high priests
  A shock serpent (Snake:1)
  A fire crab (Lair:6)
  A salamander mystic (Snake:2)
  6 unseen horrors
  A sea snake (Snake:1)
  2 spriggan druids
  3 wizards
  5 naga ritualists
  3 lindwurms
  2 hill giants
  10 swamp dragons
  6 orc knights (Orc:2)
  3 deep elf magi
  An orc sorcerer (Orc:1)
  A cyclops (D:12)
  3 mana vipers
  A wolf spider zombie (D:14)
  A hornet (Swamp:1)
  A wolf spider (Lair:6)
  2 griffons
  4 manticores
  13 ugly things
  5 salamanders
  7 elephants (Lair:6)
  28 black mambas
  Psyche (D:11)
  5 gargoyles
  17 spiny frogs
  11 naga magi
  A spiny frog (shapeshifter) (D:14)
  14 komodo dragons
  5 rime drakes
  A queen bee (shapeshifter) (D:15)
  A queen bee (Lair:2)
  15 trolls
  A minotaur skeleton (Lab)
  4 giant leeches
  A two-headed ogre (D:12)
  9 slime creatures
  A boulder beetle (shapeshifter) (D:14)
  A blink frog (shapeshifter) (D:14)
  9 blink frogs
  4 bog bodies
  2 shadows
  Sigmund (D:4)
  3 redbacks
  4 spriggans
  A human (D:7)
  27 yaks
  3 wraiths (D:10)
  3 wyverns
  3 hogs (D:14)
  3 steam dragons
  A golden eye (Lair:6)
  6 fire bats (D:13)
  9 basilisks
  5 hippogriffs
  12 vampire mosquitoes
  7 hungry ghosts
  2 mottled dragons
  31 nagas
  17 insubstantial wisps
  A warg (Orc:2)
  21 swamp worms
  19 water moccasins
  Duvessa (D:4)
  2 ice beasts
  5 porcupines
  12 swamp drakes
  A phantom (D:12)
  40 orc warriors
  5 sky beasts
  7 ogres
  11 wasps
  A necrophage (D:5)
  18 wolves
  19 crocodiles
  14 centaurs
  A big kobold (D:10)
  A gnoll sergeant (D:8)
  16 giant frogs
  A wyvern zombie (D:8)
  Dowan (D:4)
  7 scorpions
  2 troll zombies (D:12)
  31 killer bees
  8 wights
  An electric eel (Lair:2)
  4 howler monkeys
  4 centaur zombies
  4 giant frog zombies
  4 lava snakes (Lab)
  10 crimson imps
  4 hounds
  31 orc priests
  3 giant frog skeletons
  24 jellies
  21 orc wizards
  14 iguanas
  2 centaur skeletons
  2 hell rats (Lair:3)
  15 worker ants
  16 sheep
  6 ogre zombies (D:12)
  3 hound skeletons
  A hound zombie (D:5)
  2 howler monkey zombies
  13 gnolls
  8 adders
  50 river rats
  4 shadow imps
  5 oozes
  An adder skeleton (D:5)
  A worm (D:4)
  The ghost of whoyougonnacall the Skirmisher, a weakling FoMo (D:15)
  2 dart slugs
  6 giant geckos
  81 orcs
  A ball python (D:4)
  8 giant cockroaches
  7 goblins
  6 hobgoblins
  15 jackals
  7 quokkas
  9 bats
  A giant gecko zombie (D:8)
  3 giant newts
  A goblin skeleton (D:12)
  2 goblin zombies (D:12)
  3 hobgoblin skeletons (D:12)
  3 hobgoblin zombies (D:12)
  A jackal skeleton (D:5)
  8 kobolds
  An orc skeleton (D:12)
  15 orc zombies (D:12)
  4 rats
1103 creatures vanquished.

Vanquished Creatures (collateral kills)
  Mara (Snake:3)
  Nikola (Snake:3)
  Louise (Snake:1)
  A fire dragon (Lair:6)
  2 hydras
  An anaconda (Snake:1)
  A death knight (D:13)
  A naga warrior (Snake:1)
  A naga sharpshooter (Snake:4)
  2 orc high priests (Orc:2)
  3 shock serpents
  A hill giant (D:15)
  3 mana vipers
  An orc knight (Orc:2)
  An ugly thing (D:15)
  3 salamanders
  A guardian serpent (Lair:6)
  A black mamba (Snake:3)
  A naga mage (Snake:3)
  A spiny frog (Lair:6)
  A freezing wraith (D:15)
  A komodo dragon (Lair:6)
  A troll (Orc:2)
  2 blink frogs (Lair:6)
  2 spriggans (Swamp:3)
  A wraith (D:10)
  3 yaks
  A hippogriff (Lair:2)
  A naga (Snake:1)
  2 water moccasins
  A porcupine (Lair:1)
  An orc warrior (Orc:2)
  A phantom (D:10)
  A wasp (Swamp:3)
  3 wolves
  A centaur (D:13)
  A crocodile (Lair:1)
  A giant frog (Lair:5)
  2 wights (D:10)
  A killer bee (Lair:2)
  An orc priest (Orc:2)
  2 iguanas
  An orc wizard (Orc:2)
  6 sheep (Lair:1)
  3 river rats
  An adder (Lair:6)
  An orc (Orc:2)
  A fungus (Lair:2)
72 creatures vanquished.

Vanquished Creatures (others)
  A hydra (Lair:5)
  A spiny frog (Swamp:2)
  2 humans (D:14)
  A phantom (D:14)
  A river rat (Lair:6)
  An orc (D:11)
  3 briar patches (Swamp:4)
  26 fungi
  70 plants
106 creatures vanquished.

Grand Total: 1281 creatures vanquished

Notes
Turn   | Place    | Note
-------+----------+-------------------------------------------
     0 | D:1      | Leszczynek the Ogre Conjurer began the quest for the Orb.
     0 | D:1      | Reached XP level 1. HP: 16/16 MP: 3/3
   107 | D:1      | Reached skill level 1 in Fighting
   257 | D:1      | Reached skill level 1 in Maces & Flails
   259 | D:1      | Reached XP level 2. HP: 16/27 MP: 5/5
   275 | D:1      | Learned a level 2 spell: Searing Ray
   383 | D:1      | Reached skill level 2 in Fighting
   388 | D:1      | Reached skill level 2 in Maces & Flails
   482 | D:1      | Reached XP level 3. HP: 27/35 MP: 6/6
   715 | D:2      | Reached skill level 3 in Maces & Flails
   815 | D:2      | Found a runed door.
  1145 | D:3      | another great start, somehow
  1156 | D:3      | Reached XP level 4. HP: 39/42 MP: 7/7
  1162 | D:3      | Reached skill level 4 in Maces & Flails
  1556 | D:4      | Noticed Dowan
  1595 | D:3      | Reached skill level 5 in Maces & Flails
  1637 | D:3      | Reached XP level 5. HP: 35/49 MP: 8/8
  1710 | D:3      | Noticed an ogre
  1816 | D:4      | Reached skill level 6 in Maces & Flails
  1848 | D:4      | Noticed Sigmund
  1868 | D:4      | Killed Sigmund
  1868 | D:4      | Reached skill level 7 in Maces & Flails
  1868 | D:4      | Reached XP level 6. HP: 53/57 MP: 9/9
  1906 | D:4      | Gained mutation: You have an increased reservoir of magic. (+10% MP) [potion of mutation]
  1906 | D:4      | Gained mutation: You evolve. [potion of mutation]
  1906 | D:4      | Gained mutation: Your body sometimes deteriorates upon taking damage. [potion of mutation]
  2053 | D:4      | Reached skill level 8 in Maces & Flails
  2548 | D:4      | Noticed Duvessa
  2554 | D:5      | Entered Level 5 of the Dungeon
  2582 | D:5      | Reached XP level 7. HP: 46/65 MP: 7/11
  2601 | D:5      | Gained mutation: You have a pair of small horns on your head. [evolution]
  2638 | D:5      | Reached skill level 9 in Maces & Flails
  2758 | D:5      | Found a shadowy altar of Dithmenos.
  2787 | D:4      | Found a staircase to the Ecumenical Temple.
  2794 | Temple   | Entered the Ecumenical Temple
  2919 | Temple   | Became a worshipper of Makhleb the Destroyer
  3003 | D:5      | centaur pack on d:5 huh
  3077 | D:5      | Reached skill level 10 in Maces & Flails
  3352 | D:5      | Gained mutation: Scrolls take you a little longer to read. [potion of mutation]
  3352 | D:5      | Gained mutation: Your muscles are strong. (Str +2) [potion of mutation]
  3353 | D:5      | Lost mutation: Scrolls take you a little longer to read. [potion of mutation]
  3353 | D:5      | Lost mutation: Your muscles are strong. (Str +2) [potion of mutation]
  3353 | D:5      | Gained mutation: You are occasionally teleported next to monsters. [potion of mutation]
  3467 | D:5      | Reached XP level 8. HP: 69/71 MP: 12/12
  3581 | D:6      | Gained mutation: You are frail. (-10% HP) [potion of mutation]
  3581 | D:6      | Gained mutation: You are very frail. (-20% HP) [potion of mutation]
  3581 | D:6      | Lost mutation: You are occasionally teleported next to monsters. [potion of mutation]
  3589 | D:6      | Reached skill level 11 in Maces & Flails
  3635 | D:6      | Reached skill level 1 in Invocations
  3822 | D:6      | Found a snail-covered altar of Cheibriados.
  4038 | D:6      | Reached * piety under Makhleb
  4302 | D:7      | Reached skill level 2 in Invocations
  4332 | D:7      | Found a glowing golden altar of the Shining One.
  4369 | D:7      | Noticed a yak
  4393 | D:7      | Reached skill level 3 in Fighting
  4425 | D:7      | Killed a yak
  4425 | D:7      | Reached skill level 4 in Fighting
  4425 | D:7      | Reached skill level 12 in Maces & Flails
  4425 | D:7      | Reached skill level 3 in Invocations
  4575 | D:7      | Lost mutation: You have a pair of small horns on your head. [evolution]
  4592 | D:7      | Reached XP level 9. HP: 22/68 MP: 13/13
  4640 | D:7      | Reached skill level 5 in Fighting
  4692 | D:7      | Noticed Charly's ghost (novice DEFE)
  4817 | D:7      | Reached skill level 4 in Invocations
  4980 | D:8      | Reached skill level 13 in Maces & Flails
  5015 | D:8      | Learned a level 1 spell: Summon Butterflies
  5117 | D:8      | Reached ** piety under Makhleb
  5205 | D:8      | Reached skill level 6 in Fighting
  5783 | D:9      | Reached skill level 5 in Invocations
  5788 | D:9      | Lost mutation: You are very frail. (-20% HP) [evolution]
  5802 | D:9      | Reached skill level 14 in Maces & Flails
  6160 | D:9      | Reached skill level 7 in Fighting
  6160 | D:9      | Reached XP level 10. HP: 60/91 MP: 10/15
  6162 | D:9      | Reached *** piety under Makhleb
  6463 | D:10     | Entered Level 10 of the Dungeon
  6825 | D:10     | Reached skill level 8 in Fighting
  6825 | D:10     | Reached skill level 15 in Maces & Flails
  6825 | D:10     | Reached skill level 6 in Invocations
  7003 | D:10     | Noticed Josephine
  7182 | D:10     | Killed Josephine
  7187 | D:10     | Gained mutation: Your spells are a little harder to cast, but a little more powerful. [potion of mutation]
  7264 | D:10     | Reached skill level 9 in Fighting
  7282 | D:10     | Reached skill level 7 in Invocations
  7285 | D:10     | Reached **** piety under Makhleb
  7303 | D:10     | Reached XP level 11. HP: 64/103 MP: 17/17
  7349 | D:10     | Noticed Erolcha
  7364 | D:10     | Reached skill level 16 in Maces & Flails
  7365 | D:10     | your orange demon is devoured by a tear in reality.
  7366 | D:10     | >>>>>
  7366 | D:10     | nooooooooooooooope
  7390 | D:10     | Found a staircase to the Lair.
  7428 | D:10     | where are ogres
  7428 | D:10     | except that one bitch
  7428 | D:10     | that's the one ogre i don't need
  7581 | D:10     | Reached skill level 1 in Evocations
  7838 | D:9      | Gained mutation: You have sharp fingernails. [evolution]
  7840 | D:9      | i'm actually going back to d:3
  7840 | D:9      | because that's where the only known ogre is
  8037 | D:4      | Killed Dowan
  8063 | D:4      | Killed Duvessa
  8114 | D:3      | is it better or worse
  8114 | D:3      | i'm not sure
  8347 | Lair:1   | Entered Level 1 of the Lair of Beasts
  8775 | Lair:1   | Reached skill level 10 in Fighting
  8870 | Lair:1   | Found a frozen archway.
  8959 | Lair:1   | so "loud crackling" was the last one
  8959 | Lair:1   | stupid shit
  9082 | Lair:1   | Reached skill level 2 in Evocations
  9306 | Lair:1   | Reached skill level 8 in Invocations
  9408 | Lair:1   | Reached ***** piety under Makhleb
  9673 | Lair:2   | Reached skill level 17 in Maces & Flails
  9788 | Lair:2   | Noticed an eight-headed hydra
 10253 | Lair:2   | Reached skill level 1 in Throwing
 10333 | Lair:2   | Reached XP level 12. HP: 105/115 MP: 20/20
 10479 | Lair:3   | Found a staircase to the Swamp.
 10571 | Lair:3   | Reached skill level 2 in Throwing
 11183 | Lair:3   | Reached skill level 9 in Invocations
 11480 | Lair:4   | Found a staircase to the Snake Pit.
 11528 | Lair:4   | Reached skill level 11 in Fighting
 11652 | Lair:4   | Reached skill level 18 in Maces & Flails
 11663 | Lair:4   | Reached skill level 3 in Throwing
 11973 | Lair:4   | Noticed a four-headed hydra
 12114 | Lair:4   | Lost mutation: Your body sometimes deteriorates upon taking damage. [evolution]
 12177 | Lair:5   | Noticed an eight-headed hydra
 12279 | Lair:4   | Killed a four-headed hydra
 12552 | Lair:5   | Reached skill level 4 in Throwing
 13034 | Lair:5   | Noticed a seven-headed hydra
 13054 | Lair:5   | Killed a seven-headed hydra
 13323 | Lair:5   | Killed an eight-headed hydra
 13323 | Lair:5   | Reached skill level 12 in Fighting
 13448 | Lair:5   | Reached skill level 19 in Maces & Flails
 13711 | Lair:6   | Entered Level 6 of the Lair of Beasts
 13727 | Lair:6   | Reached skill level 5 in Throwing
 13727 | Lair:6   | Reached XP level 13. HP: 125/126 MP: 21/21
 14273 | Lair:6   | "50% chance", huh
 14273 | Lair:6   | weird, it acted like 1% chance
 14619 | Lair:6   | Reached skill level 6 in Throwing
 14656 | Lair:6   | Reached skill level 13 in Fighting
 14656 | Lair:6   | Reached skill level 20 in Maces & Flails
 14671 | Lair:6   | Reached skill level 2 in Dodging
 14872 | Lair:6   | Reached ****** piety under Makhleb
 14991 | Lair:6   | Reached skill level 3 in Dodging
 15138 | Lair:6   | Lost mutation: You evolve. [end of evolution]
 15309 | Lair:6   | Found a staircase to the Slime Pits.
 15366 | Lair:6   | Reached skill level 4 in Dodging
 15391 | Lair:6   | Reached skill level 7 in Throwing
 15786 | Lair:6   | Reached skill level 5 in Dodging
 15846 | Lair:6   | Reached XP level 14. HP: 71/138 MP: 22/22
 15872 | Lair:6   | YEs
 15872 | Lair:6   | REGEN AMULET
 15872 | Lair:6   | good, that will shave some turns off
 16356 | Lair:2   | Reached skill level 6 in Dodging
 16821 | D:11     | Reached skill level 14 in Fighting
 16821 | D:11     | Reached skill level 1 in Armour
 17165 | D:11     | Reached skill level 8 in Throwing
 17216 | D:11     | Reached skill level 2 in Armour
 17350 | D:11     | Noticed Psyche
 17363 | D:11     | Killed Psyche
 17678 | D:12     | Found a staircase to the Orcish Mines.
 17844 | D:12     | Reached skill level 3 in Armour
 18293 | D:12     | Reached skill level 4 in Armour
 18358 | D:12     | so, those jellies basically slurped everything in this vault, didn't they
 18455 | Orc:1    | Entered Level 1 of the Orcish Mines
 18493 | Orc:1    | Found a roughly hewn altar of Beogh.
 18559 | Orc:2    | Entered Level 2 of the Orcish Mines
 18565 | Orc:2    | Found Piof's General Store.
 18635 | Orc:2    | Found a staircase to the Elven Halls.
 18961 | Orc:2    | Found a roughly hewn altar of Beogh.
 19285 | Orc:1    | Reached skill level 5 in Armour
 19375 | Orc:2    | Reached skill level 10 in Invocations
 20161 | Orc:2    | Reached skill level 15 in Fighting
 20297 | Orc:2    | Reached skill level 6 in Armour
 20297 | Orc:2    | Reached XP level 15. HP: 118/150 MP: 25/25
 20412 | Orc:2    | ~80 hp in two shots
 20412 | Orc:2    | robes
 20412 | Orc:2    | light armor
 20678 | Orc:2    | Found Miclef's Jewellery Boutique.
 20678 | Orc:2    | Found Bisheana's Jewellery Boutique.
 20679 | Orc:2    | Found Venodd's Food Boutique.
 20679 | Orc:2    | Found Loifonusm's Jewellery Shop.
 20686 | Orc:2    | >Harm *Drain *Confuse
 20690 | Orc:2    | and the only rC+ is on that exact amulet
 20690 | Orc:2    | how fucking nice
 20690 | Orc:2    | i guess i'm destined to wear robes
 20690 | Orc:2    | or just fuck it and get a WDA
 20690 | Orc:2    | dunno how the fuck am i supposed to do extended with that tho
 20695 | Orc:2    | Bought a +5 ring of evasion for 660 gold pieces
 20695 | Orc:2    | Bought an uncursed ring of resist corrosion for 240 gold pieces
 20695 | Orc:2    | Bought an uncursed ring of see invisible for 180 gold pieces
 20716 | Orc:2    | Bought the ring "Micvemex" {rN+ Str+7} for 458 gold pieces
 20928 | D:13     | Found a labyrinth entrance.
 20933 | Lab      | Entered a labyrinth
 21695 | Lab      | Identified the Grimoire of Stones and Shape Shifting (You found it in a labyrinth)
 21695 | Lab      | well that was a waste of time
 21711 | D:13     | Found Usisimai's Antique Weapon Shop.
 21796 | D:13     | Reached skill level 11 in Invocations
 21930 | D:13     | Reached skill level 9 in Throwing
 22375 | D:14     | Noticed Nessos
 22389 | D:14     | Found a gate to the Vaults.
 22693 | D:14     | Killed Nessos
 22693 | D:14     | Reached skill level 16 in Fighting
 22804 | D:14     | Reached skill level 10 in Throwing
 22831 | D:14     | Noticed Kirke
 22860 | D:14     | Killed Kirke
 22889 | D:14     | Noticed Roxanne
 23191 | D:14     | Got a warped ivory ring
 23193 | D:14     | Identified the ring "Awyq" {Fire *Drain +Blink rElec rPois} (You took it off a deep elf mage on level 14 of the Dungeon)
 23194 | D:14     | it's good
 23194 | D:14     | except for fire
 23194 | D:14     | and *drain
 23194 | D:14     | ;_;
 23332 | D:15     | Entered Level 15 of the Dungeon
 23443 | D:15     | hm
 23443 | D:15     | should i go to snake first then?
 23443 | D:15     | relec, rpois, rf
 23443 | D:15     | does anything have a cold based attack there?
 23443 | D:15     | i don't think so
 23557 | D:15     | Noticed whoyougonnacall's ghost (weakling FoMo)
 23565 | D:15     | Killed whoyougonnacall's ghost
 23634 | D:15     | Reached XP level 16. HP: 149/162 MP: 27/27
 23704 | D:15     | Found a staircase to the Depths.
 23798 | D:15     | Reached skill level 12 in Invocations
 23952 | D:15     | Reached skill level 11 in Throwing
 24247 | Lair:2   | so
 24247 | Lair:2   | rC-- is as bad as rC-, right?
 24247 | Lair:2   | hope so
 24392 | Snake:1  | Entered Level 1 of the Snake Pit
 24392 | Snake:1  | Noticed Louise
 24393 | Snake:1  | oh boy
 24393 | Snake:1  | ohhhh boy
 24393 | Snake:1  | i need an MR ring here
 24393 | Snake:1  | :/
 24395 | Lair:4   | and the entrance is fucking horrible btw
 24395 | Lair:4   | haste might before entering again, at least
 24660 | Orc:2    | Bought an uncursed ring of protection from magic for 425 gold pieces
 24974 | Lair:4   | this is hopeless
 24974 | Lair:4   | really
 24976 | Lair:4   | doing a teleport -> enter would be probably better than fighting it out
 24985 | Lair:4   | HP: 16/162 [poisoned by a naga mage (poison arrow)]
 24991 | Lair:4   | HP: 15/162 [poisoned by a naga mage (poison arrow)]
 24996 | Lair:4   | HP: 16/162 [poisoned by a naga mage (poison arrow)]
 25131 | Swamp:1  | Entered Level 1 of the Swamp
 25397 | Swamp:1  | ehhhh
 25397 | Swamp:1  | if i knew
 25397 | Swamp:1  | WDA
 25532 | Swamp:3  | Reached skill level 7 in Armour
 25767 | Swamp:4  | Entered Level 4 of the Swamp
 25767 | Swamp:4  | Noticed a thorn hunter
 25768 | Swamp:4  | shieeeeeet
 25778 | Swamp:3  | Killed a thorn hunter
 25778 | Swamp:3  | Reached skill level 7 in Dodging
 25831 | Swamp:4  | Learned a level 3 spell: Regeneration
 25833 | Swamp:4  | Learned a level 1 spell: Animate Skeleton
 25869 | Swamp:4  | Reached skill level 12 in Throwing
 25880 | Swamp:3  | found it
 26146 | Swamp:4  | Got a decaying rune of Zot
 26595 | Swamp:3  | Learned a level 2 spell: Song of Slaying
 26659 | Swamp:4  | Noticed a thorn hunter
 26776 | Swamp:3  | Reached skill level 8 in Dodging
 26903 | Swamp:2  | Reached skill level 3 in Evocations
 26966 | Swamp:2  | Reached XP level 17. HP: 169/169 MP: 28/28
 26968 | Swamp:2  | Reached skill level 8 in Armour
 27359 | Swamp:2  | Identified the Catalogue of Enhancements and Stolen Souls (You found it on level 2 of the Swamp)
 27552 | Snake:1  | Reached skill level 4 in Evocations
 27603 | Snake:1  | oh boy
 27603 | Snake:1  | i'm not going to have a lot of fun here
 27766 | Snake:1  | Killed Louise
 28003 | Snake:1  | Reached skill level 5 in Evocations
 28107 | Snake:2  | You fall through a shaft!
 28123 | Snake:3  | great
 28591 | Snake:2  | Reached skill level 9 in Dodging
 28810 | Snake:3  | Reached skill level 6 in Evocations
 29353 | Snake:3  | Noticed Mara
 29354 | Snake:3  | sdfsdfsefsefsefsegagarg
 29359 | Snake:3  | Noticed Leszczynek's illusion
 29364 | Snake:3  | Killed Mara
 29364 | Snake:3  | Reached skill level 9 in Armour
 29364 | Snake:3  | Reached skill level 7 in Evocations
 29398 | Snake:3  | Noticed Nikola
 29398 | Snake:3  | really
 29401 | Snake:3  | Killed Nikola
 29544 | Snake:4  | Entered Level 4 of the Snake Pit
 29680 | Snake:4  | Found Fodghohal's Jewellery Shoppe.
 29681 | Snake:4  | Found Xydiapn's Gadget Shop.
 29681 | Snake:4  | Found Zekhaib's Gadget Shop.
 29697 | Snake:4  | Bought a wand of hasting (5/9) for 756 gold pieces
 29697 | Snake:4  | Bought a box of beasts for 280 gold pieces
 29881 | Snake:4  | Reached XP level 18. HP: 136/178 MP: 29/29
 29907 | Snake:4  | pfft
 29907 | Snake:4  | maybe i should go
 29908 | Snake:4  | Reached skill level 8 in Evocations
 29934 | Snake:4  | HP: 5/178 [greater naga/orb of energy (31)]
 30152 | Snake:4  | HP: 10/178 [naga sharpshooter/bolt (19)]
 30153 | Snake:4  | Shot with a bolt by a naga sharpshooter

Vault maps used:
D:1:      lightli_arrival_lavapool
D:2:      minmay_overflow_temple_star_quad, uniq_crazy_yiuf_cottage
D:4:      first_bread, minivault_5, uniq_duvessa, uniq_sigmund
D:5:      grunt_dithmenos_smoke
D:6:      kennysheep_slug_shrine
D:7:      overflow_temple_1_default, grunt_livestock
D:8:      serial_glass, glass_columns_a, glass_columns_b, glass_columns_a,
          glass_columns_a, glass_columns_b, glass_columns_b, glass_columns_b,
          glass_columns_b, glass_columns_a, glass_columns_a
D:9:      hangedman_decor_lopped
D:10:     david_lair_shrubbed, uniq_erolcha, uniq_josephine
D:11:     minmay_smoke_and_mirrors, uniq_psyche
D:12:     four-leaf_vault, zombieorc2_lemuel
D:13:     minmay_firetagon, lab_entry_generic, serial_shops,
          nicolae_shop_overgrown_old_shop
D:14:     david_vaults_2, hangedman_decor_push, kennysheep_island_fort,
          uniq_kirke, uniq_nessos, uniq_roxanne
D:15:     hangedman_depths_entry_try_elsewhere_first, grunt_decor_arrowhead
Temple:   dpeg_five_rooms_temple
Lair:1:   portal_ice_cave_rime, st_stairs_10
Lair:2:   special_room, infiniplex_staircase_pool_2, serial_bayou_shore_a
Lair:3:   kennysheep_rathole, minmay_swamp_entry_worms
Lair:4:   minmay_snake_entry_guardpost_small
Lair:5:   st_stairs_13
Lair:6:   hangedman_lair_tendril_chambers, guppyfry_lair_end_dragon,
          nicolae_slime_entry_slimehenge
Swamp:1:  serial_swamp_ruin, evilmike_swamp_ruin_house_5,
          hangedman_swamp_ruin_wall, infiniplex_staircase_pool
Swamp:2:  evilmike_swamp_ruin_house_3
Swamp:3:  evilmike_swamp_ruin_house_1
Swamp:4:  swamp_alternative
Snake:1:  serial_bayou_lagoon_a, uniq_louise
Snake:3:  grunt_megastairs_2, lemuel_fruit_tree, uniq_nikola, uniq_mara
Snake:4:  johnstein_snake_rune_scales, minmay_shop_grove, serial_bayou_shore_b
Orc:1:    basic_altar
Orc:2:    st_orc_pillars, serial_shops, shop, nicolae_orc_lost_temple
Lab:      nicolae_lab_flowing_pool, nicolae_lab_lava, nicolae_lab_diamond,
          nicolae_lab_quarters, lab_block, nicolae_lab_starburst,
          labyrinth_lava_lair, nicolae_lab_checkerboard

Skill      XL: |  1  2  3  4  5  6  7  8  9 10 11 12 13 14 15 16 17 18 |
---------------+-------------------------------------------------------+-----
Fighting       | 1 2 4 7 9 10 12 13 15 16 | 16.5
Maces & Flails | 1 2 3 5 7 8 10 12 14 15 17 19 20 | 20.0
Invocations    | 3 5 7 8 9 10 11 12 | 12.0
Evocations     | 2 3 7 8 |  8.1
Throwing       | 1 5 7 8 10 12 | 12.7
Dodging        | 5 6 8 9 |  9.9
Armour         | 6 7 9 |  9.4
Stealth        | |  1.5
Spellcasting   | |  2.4
Conjurations   | |  2.9

Action                   |  1- 3 |  4- 6 |  7- 9 | 10-12 | 13-15 | 16-18 || total
-------------------------+-------+-------+-------+-------+-------+-------++-------
Melee: Mace              |    48 |       |       |       |       |       ||    48
       Unarmed           |    11 |       |       |       |       |       ||    11
       Flail             |    12 |    97 |   372 |   329 |       |       ||   810
       Headbutt          |       |       |    32 |       |       |       ||    32
       Whip              |       |       |    14 |       |       |       ||    14
       Giant spiked club |       |       |       |   471 |  1466 |   972 ||  2909
       Great mace        |       |       |       |       |    22 |       ||    22
Throw: Javelin           |       |       |       |       |     9 |       ||     9
       Tomahawk          |       |       |       |       |     2 |    60 ||    62
       Large rock        |       |       |       |       |     2 |     6 ||     8
 Cast: Magic Dart        |    63 |     3 |     7 |       |       |       ||    73
       Searing Ray       |       |     8 |    11 |     1 |       |       ||    20
Invok: Minor Destruction |       |       |       |   128 |   109 |     6 ||   243
       Lesser Servant of |       |       |       |    18 |    28 |    17 ||    63
       Major Destruction |       |       |       |     1 |     3 |       ||     4
       Greater Servant o |       |       |       |       |       |     5 ||     5
 Abil: Evoke Berserk Rag |       |       |     1 |     3 |       |       ||     4
       Evoke Blink       |       |       |       |       |     5 |       ||     5
Evoke: Wand              |       |       |     2 |    13 |    40 |     7 ||    62
  Use: Scroll            |     3 |     3 |    21 |    13 |    15 |    19 ||    74
       Potion            |       |     2 |     5 |     4 |     3 |     7 ||    21
 Stab: Sleeping          |     1 |       |       |     2 |     1 |       ||     4
       Paralysed         |       |       |     3 |     6 |    24 |     3 ||    36
       Distracted        |       |       |       |     3 |     3 |       ||     6
       Confused          |       |       |       |       |       |     1 ||     1
  Eat: Chunk             |     2 |     6 |    13 |    29 |    27 |     4 ||    81
       Pizza             |       |       |     1 |       |       |     1 ||     2
       Beef jerky        |       |       |     1 |     1 |     6 |     1 ||     9
       Fruit             |       |       |       |     2 |     1 |     8 ||    11
       Royal jelly       |       |       |       |     1 |     4 |     1 ||     6
       Bread ration      |       |       |       |       |       |     3 ||     3
Armor: Robe              |    46 |    35 |   113 |   155 |   316 |    10 ||   675
       Skin              |       |     7 |    24 |       |       |       ||    31
       Fire dragon armou |       |       |       |       |     3 |   431 ||   434
Dodge: Dodged            |    61 |    76 |   178 |   531 |  1023 |   764 ||  2633
